 Dungeon Crawl Stone Soup version bcrawl-1.28.5 (webtiles) character file.

Game seed: 15578853613891256331

157010 Mehrunes the Ruffian (level 4, -5/37 HPs)
             Began as a Draconian Transmuter on Jan 22, 2021.
             Slain by an orc
             ... wielding a +0 flail
              (7 damage)
             ... on level 2 of the Dungeon.
             The game lasted 00:03:52 (1483 turns).

Mehrunes the Ruffian (Draconian Transmuter)         Turns: 1483, Time: 00:03:52

Health: -5/37      AC:  5    Str: 13    XL:     4   Next: 38%
Magic:  7/7        EV: 12    Int: 18    God:
Gold:   145        SH:  0    Dex: 11    Spells: 3/7 levels left

rFire    . . .     SeeInvis .     - Fists (7.6)
rCold    . . .     Gourm    .   (no shield)
rNeg     . . .     Faith    .   (armour unavailable)
rPois    .         Spirit   .   (helmet restricted)
rElec    .         Reflect  .   (no cloak)
rCorr    .         Harm     .   (no gloves)
MR       .....                  (no boots)
Stlth    +.........             (no amulet)
HPRegen  0.12/turn              l - +4 ring of intelligence
MPRegen  0.10/turn              (no ring)

@: no status effects
A: unfitting armour, cold-blooded, AC +5
a: no special abilities


You were on level 2 of the Dungeon.
You were not hungry.

You visited 1 branch of the dungeon, and saw 3 of its levels.

You collected 145 gold pieces.

Inventory:

Missiles
 a - 760 arrows
Jewellery
 l - a +4 ring of intelligence (left hand)
Scrolls
 g - 2 scrolls of teleportation {unknown}
 h - 4 scrolls of identify
 i - 2 scrolls of remove curse {unknown}
 m - a scroll of enchant weapon {unknown}
Potions
 b - 3 potions of heal wounds {unknown}
 c - a potion of lignification
 f - a potion of magic {unknown}
 j - a potion of curing {unknown}
 k - a potion of ambrosia {unknown}
Comestibles
 e - 4 rations {!d}


   Skills:
 + Level 2.3 Fighting
 - Level 2.3 Dodging
 - Level 3.8 Unarmed Combat
 - Level 2.0 Spellcasting
 + Level 2.8 Transmutations
 + Level 0.7 Poison Magic


You had 3 spell levels left.
You knew the following spells:

 Your Spells              Type           Power        Failure   Level  Hunger
a - Beastly Appendage     Tmut           ##....       6%          1    None
b - Spider Form           Tmut/Pois      #..          26%         3    ####...

Your spell library contained the following spells:

 Spells                   Type           Power        Failure   Level  Hunger
 Sticks to Snakes         Tmut           ##......     9%          2    ##.....
 Passwall                 Tmut/Erth      #.......     16%         2    ##.....
 Ice Form                 Ice/Tmut       #.......     71%         4    ######.
 Blade Hands              Tmut           ##........   85%         5    #######


Dungeon Overview and Level Annotations

Branches:
Dungeon (3/12)

Altars:


Innate Abilities, Weirdness & Mutations

Your plain brown scales are hard. (AC +5)
You cannot fit into any form of body armour.
You are cold-blooded and may be slowed by cold attacks.


Message History

You barely miss the orc.
Your tail-slap misses the orc.
The orc is moderately wounded.
The orc hits you with a +0 flail.
You hit the orc but do no damage.
The orc is moderately wounded.
You barely miss the orc.
The orc is moderately wounded.
Your talons disappear.
The orc hits you with a +0 flail!
You barely miss the orc.
The orc is moderately wounded.
The orc hits you with a +0 flail!
* * * LOW HITPOINT WARNING * * *
There is a stone staircase leading up here.
The orc hits you with a +0 flail.
* * * LOW HITPOINT WARNING * * *
You climb upwards.
There is a stone staircase leading down here.
The orc hits you with a +0 flail!
You die...

...# #.# ...###.# .......# ###
##.#######################.#
..........................[#
##.#######################.#
...# #..........# #.#
########..........########.###
................@>'..........#
#####.#..........o############
......#.......#####
......#......)#
..>...#.......#
......#.......#
......##......#
......######### ............#


You could see an orc.

Vanquished Creatures
  An orc wizard (D:3)
  A worker ant (D:2)
  2 oozes (D:1)
  2 worms
  2 leopard geckos
  An orc (D:3)
  A ball python (D:1)
  2 giant cockroaches
  8 hobgoblins
  A quokka (D:2)
  A bat (D:1)
  A frilled lizard (D:2)
  A kobold (D:2)
  2 rats (D:1)
26 creatures vanquished.

Notes
Turn   | Place    | Note
-------+----------+-------------------------------------------
     0 | D:1      | Mehrunes the Draconian Transmuter began the quest for the
                  | Orb.
     0 | D:1      | Reached XP level 1. HP: 16/16 MP: 3/3
   224 | D:1      | Reached XP level 2. HP: 18/23 MP: 3/5
   746 | D:2      | Reached XP level 3. HP: 25/29 MP: 4/6
  1411 | D:2      | Learned a level 3 spell: Spider Form
  1467 | D:3      | Reached XP level 4. HP: 24/37 MP: 7/7
  1483 | D:2      | Slain by an orc

Skill      XL: |  1  2  3 |
---------------+----------+-----
Dodging        | 2 |  2.3
Fighting       | 2 |  2.3
Unarmed Combat | |  3.8
Spellcasting   | |  2.0
Transmutations | |  2.8
Poison Magic   | |  0.7

Action                   |  1- 3 |  4- 6 || total
-------------------------+-------+-------++-------
Melee: Unarmed           |    90 |     5 ||    95
       Tailslap          |     6 |       ||     6
       Headbutt          |     6 |       ||     6
       Kick              |    11 |       ||    11
       Punch             |     1 |       ||     1
 Cast: Beastly Appendage |    17 |       ||    17
  Eat: Chunk             |     4 |       ||     4
Armor: Skin              |    18 |       ||    18
Dodge: Dodged            |    52 |     1 ||    53
